 Dungeon Crawl Stone Soup version 0.20-a0-850-ge5a7832 (webtiles) character file.

30 Alarkh the Skirmisher (level 3, 29/29 HPs)
             Began as a Demonspawn Fighter on Mar 10, 2017.
             Got out of the dungeon alive.
             The game lasted 00:00:41 (460 turns).

Alarkh the Skirmisher (Demonspawn Fighter)           Turns: 460, Time: 00:00:42

Health: 29/29      AC:  6    Str: 16    XL:     3   Next: 3%
Magic:  3/3        EV:  7    Int: 10    God:
Gold:   94         SH:  8    Dex: 12    Spells: 2/2 levels left

rFire    . . .     SeeInvis .   a - +0 long sword
rCold    . . .     Gourm    .   b - +0 scale mail
rNeg     . . .     Faith    .   c - +0 shield
rPois    .         Spirit   .   (no helmet)
rElec    .         Reflect  .   (no cloak)
rCorr    .         Harm     .   (no gloves)
MR       .....                  (no boots)
Stlth    ..........             (no amulet)
Regen    0.1/turn               (no ring)
MPRegen  0.1/turn               (no ring)

@: no status effects
A: claws 1, powered by pain 1
a: no special abilities


You escaped.
You were not hungry.

You visited 1 branch of the dungeon, and saw 1 of its levels.

You collected 94 gold pieces.

Inventory:

Hand Weapons
 a - a +0 long sword (weapon)
Armour
 b - a +0 scale mail (worn)
 c - a +0 shield (worn)
Scrolls
 e - a scroll of identify
 h - a scroll of amnesia {unknown}
 k - 2 scrolls of immolation {unknown}
 m - a scroll of noise {unknown}
Potions
 d - a potion of might
 g - a potion of heal wounds {unknown}
 i - a potion of curing
 l - a potion of haste {unknown}
 n - a potion of agility {unknown}
 o - a potion of cancellation {unknown}
 p - 2 potions of brilliance {unknown}
Comestibles
 f - a bread ration
 j - 3 chunks of flesh


   Skills:
 + Level 3.1 Fighting
 * Level 2.3 Long Blades
 + Level 3.0 Armour
 + Level 1.0 Dodging
 + Level 2.8 Shields


You had 2 spell levels left.
You didn't know any spells.

Dungeon Overview and Level Annotations

Branches:
Dungeon (1/15)

Altars:

Annotations:
D:1 exclusion: downstairs


Innate Abilities, Weirdness & Mutations

You have sharp fingernails.
You sometimes gain a little power by taking damage.


Message History

No target in view!
No target in view!
No target in view!
No target in view!
No target in view!
No target in view!
No target in view!
No target in view!
No target in view!
j - 4 chunks of flesh (gained 1)
You see here a frilled lizard skeleton. x2
Some of the chunks of flesh in your inventory have rotted away.
A hobgoblin comes into view. It is wielding a club.
The hobgoblin shouts!
You can't go up here!
You block the hobgoblin's attack.
There is a staircase leading out of the dungeon here.
Are you sure you want to leave the Dungeon?
This will make you lose the game! You block the hobgoblin's attack.
You have escaped!

##### ....# ##### ....#
##...#### ....# ##.......#
....#######......8.####
....#..............§§§#
....#...##........≈§§§#
....#...##..8..8@.§≈≈>#
...>#...###....g..≈§≈≈#
....#...# ##.......≈≈≈#
#.......# ##....8.####
#.......# ##.....#
#.....#.######..####
#....##......#.##
#.....######...###########
#.....## ##..##...##...##


You could see a hobgoblin.

Vanquished Creatures
  An ooze (D:1)
  2 dart slugs (D:1)
  2 bats (D:1)
  2 giant cockroaches (D:1)
  3 goblins (D:1)
  A hobgoblin (D:1)
  3 jackals (D:1)
  A ball python (D:1)
  3 frilled lizards (D:1)
  2 kobolds (D:1)
  A rat (D:1)
21 creatures vanquished.

Notes
Turn   | Place    | Note
-------+----------+-------------------------------------------
     0 | D:1      | Alarkh the Demonspawn Fighter began the quest for the Orb.
     0 | D:1      | Reached XP level 1. HP: 18/18 MP: 1/1
   116 | D:1      | Gained mutation: You sometimes gain a little power by taking damage. [demonic ancestry]
   116 | D:1      | Reached XP level 2. HP: 24/24 MP: 2/2
   340 | D:1      | Reached skill level 1 in Dodging
   348 | D:1      | Gained mutation: You have sharp fingernails. [demonic ancestry]
   348 | D:1      | Reached XP level 3. HP: 23/29 MP: 3/3
   460 | D:$      | Got out of the dungeon alive.

Vault maps used:
D:1:      grunt_arrival_lava_bath

Skill      XL: |  1  2 |
---------------+-------+-----
Long Blades    | 2 |  2.3
Armour         | 3 |  3.0
Dodging        | 1 |  1.0
Fighting       | |  3.1
Shields        | |  2.8

Action                   || total
-------------------------++-------
Melee: Long sword        ||    68
  Use: Scroll            ||     1
Armor: Scale mail        ||    37
Dodge: Dodged            ||    26
Block: Shield            ||    43
       Rpst.: Long sword ||     6
